 Dungeon Crawl Stone Soup version 0.28.0-53-g5a82cb258f (webtiles) character file.

Game seed: 16871631819752891594

84 EWolf27 the Digger (level 4, -1/24 HPs)
             Began as a Gargoyle Earth Elementalist on Aug 3, 2022.
             Killed by divine providence
             ... invoked by an orc priest
              (8 damage)
             ... on level 3 of the Dungeon.
             The game lasted 00:13:56 (4055 turns).

EWolf27 the Digger (Gargoyle Earth Elementalist)    Turns: 4055, Time: 00:13:56

Health: -1/24      AC:  7    Str: 12    XL:     4   Next: 45%
Magic:  8/8        EV: 11    Int: 17    God:
Gold:   101        SH:  3    Dex: 10    Spells: 4/8 levels left

rFire   . . .      SeeInvis .   q - +2 whip (drain)
rCold   . . .      Faith    .   l - +0 buckler
rNeg    + . .      Spirit   .   o - +0 leather armour
rPois   ∞          Reflect  .   (no helmet)
rElec   +          Harm     .   (no cloak)
rCorr   .          Rampage  .   h - +0 pair of gloves
Will    .....                   (no boots)
Stlth   ++........              (no amulet)
HPRegen 0.08/turn               (no ring)
MPRegen 0.11/turn               (no ring)

@: no status effects
A: sickness immunity, AC +3, negative energy resistance 1, electricity
resistance, torment resistance 1, petrification resistance
a: no special abilities


You were on level 3 of the Dungeon.
You visited 1 branch of the dungeon, and saw 3 of its levels.

You collected 101 gold pieces.

Inventory:

Hand Weapons
 p - a +1 dagger of venom
 q - a +2 whip of draining (weapon)
Missiles
 j - 2 poisoned darts
 n - 68 stones
Armour
 b - a +0 robe
 h - a +0 pair of gloves (worn)
 l - a +0 buckler (worn)
 o - a +0 leather armour (worn)
Scrolls
 a - a scroll of identify {unknown}
 c - a scroll of fear {unknown}
 d - 2 scrolls of teleportation {unknown}
 e - a scroll of fog {unknown}
 g - a scroll of amnesia {unknown}
 i - a scroll of vulnerability {unknown}
 k - a scroll of immolation {unknown}
Potions
 f - 2 potions of brilliance {unknown}
 m - 2 potions of degeneration {unknown}


   Skills:
 - Level 0.5 Fighting
 - Level 1.0 Maces & Flails
 - Level 1.5 Dodging
 + Level 2.5 Stealth
 + Level 2.8 Spellcasting
 * Level 1.2 Conjurations
 - Level 0.7 Transmutations
 + Level 4.5 Earth Magic


You had 4 spell levels left.
You knew the following spells:

 Your Spells              Type           Power      Damage    Failure   Level
a - Sandblast             Erth           36%        2d10      4%          1
b - Stone Arrow           Conj/Erth      24%        3d8       28%         3

Your spell library contained the following spells:

 Spells                   Type           Power      Damage    Failure   Level
 Passwall                 Tmut/Erth      9%         N/A       16%         2
 Corpse Rot               Necr/Air       4%         N/A       43%         2
 Poisonous Vapours        Pois/Air       4%         N/A       43%         2
 Petrify                  Tmut/Erth      11%        N/A       71%         4
 Conjure Ball Lightning   Conj/Air       2%         3x3d6     100%        6
 Discord                  Hex            1%         N/A       100%        8
 Disjunction              Tloc           1%         N/A       100%        8


Dungeon Overview and Level Annotations

Branches:
Dungeon (3/15)

Altars:

Shops:
D:1 (   D:2 (


Innate Abilities, Weirdness & Mutations

You are immune to sickness and miasma.
Your stone body is resilient. (AC +3)
You are immune to poison.
You resist negative energy. (rN+)
You are resistant to electric shocks. (rElec)
You are resistant to unholy torment.
You are immune to petrification.


Message History

An adder comes into view.
The adder hisses angrily.
d - 2 scrolls labelled QUEBUG TIPNAO (gained 1)
You hit the adder. You drain the adder.
The adder is almost dead.
The adder bites you but does no damage. The adder closely misses you.
You closely miss the adder.
The adder is almost dead.
The adder bites you but does no damage.
You miss the adder.
The adder is almost dead.
The adder completely misses you.
You hit the adder.
You kill the adder!
You see here an adder corpse.
An orc and an orc priest come into view.
The orc priest shouts!
You hear a shout!
A worm comes into view.
The orc priest moves out of view.
A frilled lizard comes into view.
The frilled lizard hisses angrily.
The orc priest misses you.
You closely miss the orc priest.
The orc priest invokes the aid of Beogh against you.
Beogh smites you!
The orc shouts!
You barely miss the orc priest.
The orc priest hits you but does no damage.
You hit the orc priest.
The orc priest is lightly wounded.
The orc priest hits you but does no damage.
You barely miss the orc priest.
The orc priest is lightly wounded.
The orc priest hits you but does no damage.
The orc priest calls down the wrath of Beogh upon you.
Pain shoots through your body!
* * * LOW HITPOINT WARNING * * *
The orc priest invokes the aid of Beogh against you.
Beogh smites you!
You die...

#.#.............# #
#...............####..#
#.##...............<...
#.##..#..####....###..#
......#..####....###..###
..##.....................
..##.##..####..†####..#.#
..##..#..####...........#
..##..#.........@..#..#.
##. ...........+ #
....#....ow##.#
....+....l.o..# ...
#.............. ..
#......#.....##
#...####.....# ......
.....# ###... .....#


You could see a worm, an orc priest, an orc and a frilled lizard.

Vanquished Creatures
  2 adders
  2 worms (D:2)
  3 dart slugs (D:1)
  3 orcs (D:2)
  A bat (D:1)
  4 endoplasms
  A giant cockroach (D:1)
  3 goblins
  7 hobgoblins
  2 jackals (D:1)
  2 quokkas (D:1)
  4 ball pythons
  4 frilled lizards
  8 kobolds
  3 rats
49 creatures vanquished.

Vanquished Creatures (others)
  3 withered plants (D:1)
3 creatures vanquished.

Grand Total: 52 creatures vanquished

Notes
Turn   | Place    | Note
-------+----------+-------------------------------------------
     0 | D:1      | EWolf27 the Gargoyle Earth Elementalist began the quest for
                  | the Orb.
     0 | D:1      | Reached XP level 1. HP: 10/10 MP: 3/3
    32 | D:1      | Found Namitt's Antique Weapon Shop.
    92 | D:1      | Reached skill level 4 in Earth Magic
   108 | D:1      | Reached XP level 2. HP: 15/15 MP: 0/5
   551 | D:1      | Found a faded altar of an unknown god.
  1205 | D:1      | Reached XP level 3. HP: 20/20 MP: 3/6
  1209 | D:1      | Learned a level 3 spell: Stone Arrow
  1417 | D:1      | Reached skill level 1 in Maces & Flails
  2821 | D:2      | Found Commity's Antique Weapon Shoppe.
  2860 | D:2      | Reached skill level 1 in Conjurations
  2860 | D:2      | Reached XP level 4. HP: 22/24 MP: 7/7
  4055 | D:3      | Killed from afar by an orc priest

Illustrated notes

Levels and vault maps discovered:
D:1:      lemuel_arrival_muddy, layout_basic,
          ebering_ecumenical_altar_petrified, serial_shops,
          nicolae_shop_statue_plus, moated_statue, minmay_pentomino_p4
D:2:      layout_loops_cross, serial_shops, nicolae_shop_hallway_plus,
          corexii_corridor_pit
D:3:      layout_basic

Skill      XL: |  1  2  3 |
---------------+----------+-----
Earth Magic    | 4 |  4.5
Maces & Flails | 1 |  1.0
Conjurations   | 1 |  1.2
Fighting       | |  0.5
Dodging        | |  1.5
Stealth        | |  2.5
Spellcasting   | |  2.8
Transmutations | |  0.7

Action                   |  1- 3 |  4- 6 || total
-------------------------+-------+-------++-------
Melee: Mace              |    70 |    34 ||   104
       Punch             |     1 |       ||     1
       Whip              |       |     8 ||     8
 Cast: Sandblast         |    39 |     3 ||    42
 Stab: Sleeping          |     1 |       ||     1
Armor: Robe              |    31 |     1 ||    32
       Leather armour    |       |    11 ||    11
Dodge: Dodged            |    59 |    29 ||    88
Block: Buckler           |     1 |     3 ||     4
